 Dungeon Crawl Stone Soup version 0.19-a0-1395-g1491b20 (webtiles) character file.

20 PurpleRed the Conjurer (level 2, 0/22 HPs)
             Began as a Deep Elf Conjurer on Sept 3, 2016.
             Killed from afar by PurpleRed's ghost (11 damage)
             ... with a magic dart
             ... on level 3 of the Dungeon.
             The game lasted 00:03:06 (423 turns).

PurpleRed the Conjurer (Deep Elf Conjurer)           Turns: 423, Time: 00:03:07

Health: 0/22       AC:  2    Str: 10    XL:     2   Next: 58%
Magic:  6/8        EV: 13    Int: 19    God:
Gold:   27         SH:  0    Dex: 15    Spells: 2 memorised, 5 levels left

rFire  . . .     SeeInvis .     k - +0 short sword
rCold  . . .     Gourm    .     a - +0 robe
rNeg   . . .     Faith    .     (no shield)
rPois  .         Spirit   .     (no helmet)
rElec  .         Dismiss  .     (no cloak)
rCorr  .         Reflect  .     (no gloves)
MR     .....     Harm     .     (no boots)
Stlth  ..........               f - amulet of rage
                                (no ring)
                                (no ring)

@: berserking, very quick
A: no striking features
a: Evoke Berserk Rage


You were on level 3 of the Dungeon.
You were not hungry.

You visited 1 branch of the dungeon, and saw 4 of its levels.

You collected 27 gold pieces.

Inventory:

Hand Weapons
 k - a +0 short sword (weapon)
Armour
 a - a +0 robe (worn)
Jewellery
 f - an amulet of rage (around neck)
Scrolls
 d - a scroll of remove curse {unknown}
 g - a scroll of blinking {unknown}
 h - a scroll of amnesia {unknown}
 i - a scroll of identify {unknown}
Potions
 e - a potion of lignification {unknown}
Books
 b - a book of Conjurations

   Spells                             Type                      Level
   a - Magic Dart                     Conjuration                  1
   b - Searing Ray                    Conjuration                  2
   c - Dazzling Spray                 Conjuration/Hexes            3
   d - Fulminant Prism                Conjuration/Hexes            4
   e - Iskenderun's Mystic Blast      Conjuration                  4
   f - Iskenderun's Battlesphere      Conjuration/Charms           5
Comestibles
 c - a bread ration
 j - a meat ration
 l - a beef jerky


   Skills:
 - Level 2.4 Dodging
 - Level 2.4 Stealth
 + Level 3.5 Spellcasting
 * Level 5.0 Conjurations


You had 5 spell levels left.
You knew the following spells:

 Your Spells              Type           Power        Failure   Level  Hunger
a - Magic Dart            Conj           ###.         1%          1    None
b - Searing Ray           Conj           ###...       3%          2    ##.....


Dungeon Overview and Level Annotations

Branches:
Dungeon (4/15)
 Temple: D:4-7

Altars:
Nemelex Xobeh

Annotations:
D:3 PurpleRed's ghost, weakling DECj
D:4 Eustachio


Message History

Okay, then.
Okay, then.
A red film seems to cover your vision as you go berserk!
You feel yourself moving faster!
You feel mighty!
You feel a strong urge to attack something.
PurpleRed's ghost closely misses you.
You puncture PurpleRed's ghost!
PurpleRed's ghost is heavily damaged.
PurpleRed's ghost hits you.
You closely miss PurpleRed's ghost.
PurpleRed's ghost is heavily damaged.
PurpleRed's ghost barely misses you.
You barely miss PurpleRed's ghost.
PurpleRed's ghost is heavily damaged.
You barely miss PurpleRed's ghost.
PurpleRed's ghost is heavily damaged.
PurpleRed's ghost points at you and mumbles some strange words.
The magic dart hits you!
Ouch! That really hurt!
You die...

....#.########.#########.#
#..........#.#.........#
#.#.######.#.#.#########
#.#.######.#.#.########
#......................
#.#.######.#.#.########
###.#.# #.#.# ...#.# #.#.#
###.#.###### #@#
†..>...........W........
.##..........#.#.#######
.##.##########.#.# .##.# #
#.# .##.# #.. .##.# ###
....# .##.#


You could see PurpleRed's ghost.

Vanquished Creatures
  A worm (D:2)
  A ball python (D:1)
  A giant cockroach (D:2)
  A hobgoblin (D:3)
  A quokka (D:2)
  7 bats
  A giant newt (D:2)
  A goblin (D:2)
  3 kobolds
  A rat (D:1)
18 creatures vanquished.

Notes
Turn   | Place    | Note
-------+----------+-------------------------------------------
     0 | D:1      | PurpleRed the Deep Elf Conjurer began the quest for the Orb.
     0 | D:1      | Reached XP level 1. HP: 10/10 MP: 6/6
    85 | D:1      | Found a sparkling altar of Nemelex Xobeh.
   233 | D:2      | Reached XP level 2. HP: 15/15 MP: 5/8
   244 | D:2      | Learned a level 2 spell: Searing Ray
   333 | D:3      | Reached skill level 5 in Conjurations
   342 | D:4      | Noticed Eustachio
   353 | D:3      | Noticed PurpleRed's ghost (weakling DECj)
   423 | D:3      | Killed from afar by PurpleRed's ghost

Vault maps used:
D:1:      nagdon_arrival_zigzag_paths, st_stairs_9, nemelex_altar_shiori
D:2:      uniq_iyjb
D:4:      tgw_xom, wad_floor_pattern_2, uniq_grinder, uniq_eustachio,
          uniq_robin, uniq_sigmund

Skill      XL: |  1  2 |
---------------+-------+-----
Conjurations   | 5 |  5.0
Dodging        | |  2.4
Stealth        | |  2.4
Spellcasting   | |  3.5

Action                   || total
-------------------------++-------
Melee: Short sword       ||    10
 Cast: Magic Dart        ||    28
       Searing Ray       ||     1
 Abil: Evoke Berserk Rag ||     1
Armor: Robe              ||     6
Dodge: Dodged            ||    22
